 Dungeon Crawl Stone Soup version 0.30-a0-360-g447f08457e (webtiles) character file.

Game seed: 306600274967299669

600 Feneti the Covered (level 7, -3/61 HPs)
             Began as a Minotaur Fighter on Nov 13, 2022.
             Killed by divine providence
             ... invoked by an orc priest
              (11 damage)
             ... on level 4 of the Dungeon.
             The game lasted 00:04:09 (3197 turns).

Feneti the Covered (Minotaur Fighter)               Turns: 3197, Time: 00:04:10

Health: -3/61      AC:  7    Str: 23    XL:     7   Next: 18%
Magic:  6/6        EV: 10    Int:  5    God:
Gold:   246        SH:  5    Dex:  9    Spells: 6/6 levels left

rFire   . . .      SeeInvis .    a - +0 war axe
rCold   . . .      Faith    .    c - +0 buckler
rNeg    . . .      Spirit   .    b - +0 scale mail
rPois   .          Reflect  .    q - +0 hat
rElec   .          Harm     .    (no cloak)
rCorr   .          Rampage  .    (no gloves)
Will    .....                    (no boots)
Stlth   ..........               (no amulet)
HPRegen 0.30/turn                (no ring)
MPRegen 0.10/turn                (no ring)

@: no status effects
A: horns 2, retaliatory headbutt
a: no special abilities


You were on level 4 of the Dungeon.
You visited 1 branch of the dungeon, and saw 4 of its levels.

You collected 246 gold pieces.

Inventory:

Hand Weapons
 a - a +0 war axe (weapon)
Armour
 b - a +0 scale mail (worn)
 c - a +0 buckler (worn)
 q - a +0 hat (worn)
Wands
 r - a wand of roots (6)
 s - a wand of charming (14)
 t - a wand of quicksilver (6)
 w - a wand of flame (28)
Scrolls
 e - a scroll of noise {unknown}
 f - a scroll of silence {unknown}
 g - a scroll of enchant armour {unknown}
 h - 2 scrolls of teleportation {unknown}
 k - 3 scrolls of identify {unknown}
 l - a scroll of fear {unknown}
 n - a scroll of butterflies {unknown}
 y - a scroll of torment {unknown}
Potions
 d - a potion of might
 i - a potion of resistance {unknown}
 j - 2 potions of mutation {unknown}
 m - 2 potions of curing {unknown}
 o - 3 potions of degeneration {unknown}
 p - a potion of lignification {unknown}
 u - 2 potions of invisibility {unknown}
 v - a potion of attraction {unknown}
 x - a potion of haste {unknown}


   Skills:
 + Level 5.5 Fighting
 + Level 4.7 Axes
 + Level 5.5 Armour
 + Level 3.4 Dodging
 + Level 5.5 Shields


You had 6 spell levels left.
You didn't know any spells.
Your spell library was empty.

Dungeon Overview and Level Annotations

Branches:
Dungeon (4/15)
 Temple: D:4-7

Altars:


Innate Abilities, Weirdness & Mutations

You have a pair of horns on your head.
You reflexively headbutt those who attack you in melee.


Message History

An ogre comes into view. It is wielding a +0 giant spiked club.
The ogre shouts!
You hear a shout! x2
An orc comes into view. It is wielding a +1 dagger of speed.
The orc shouts!
There is a stone staircase leading down here.
You barely miss the ogre.
A hobgoblin comes into view.
The ogre completely misses you.
You hit the ogre. You headbutt the ogre!
The ogre is heavily wounded.
An orc comes into view. It is wielding a +0 flail.
The ogre barely misses you.
You completely miss the ogre.
The ogre is heavily wounded.
The orc shouts!
You hear a shout!
An orc priest comes into view. It is wielding a +0 falchion.
You slash the ogre!
The ogre is almost dead.
The ogre hits you with a +0 giant spiked club!
You hit the ogre but do no damage.
The ogre is almost dead.
You slash the orc!
You kill the orc!
The ogre hits you with a +0 giant spiked club!
You barely miss the ogre. Your headbutt misses the ogre.
The ogre is almost dead.
The ogre hits you with a +0 giant spiked club!!
Ouch! That really hurt!
* * * LOW HITPOINT WARNING * * *
You are too injured to fight recklessly!
Unknown command.
Okay, then.
Unknown command.
Okay, then.
Unknown command.
Unknown command.
The hobgoblin attacks as you move away! The hobgoblin barely misses you.
The orc priest mumbles some strange prayers to Beogh against you.
Beogh smites you!
You die...

##### #####...#
###.#.#.#.# #.........#
#.#.#.#.#.# #
###.....@...## #
....#.#.#.#..# #
#....g...#.# #
###.#O#.##.# #
#...o...#.############
#..#.#.#.##............#
#.....o...#............'
#..#.#.#.##............#
#.........#............#


You could see an ogre, an orc priest, an orc and a hobgoblin.

Vanquished Creatures
  Grinder (D:3)
  A black bear (D:4)
  2 orc priests (D:3)
  A hound (D:4)
  Jessica (D:3)
  Ijyb (D:3)
  3 gnolls (D:2)
  7 adders
  A worm (D:2)
  19 orcs
  5 ball pythons
  7 endoplasms
  A giant cockroach (D:1)
  8 goblins
  7 hobgoblins
  2 quokkas (D:1)
  4 bats
  6 frilled lizards
  5 kobolds
  7 rats
89 creatures vanquished.

Vanquished Creatures (others)
  3 fungi (D:2)
  11 plants (D:2)
14 creatures vanquished.

Grand Total: 103 creatures vanquished

Notes
Turn   | Place    | Note
-------+----------+-------------------------------------------
     0 | D:1      | Feneti the Minotaur Fighter began the quest for the Orb.
     0 | D:1      | Reached XP level 1. HP: 19/19 MP: 0/0
   123 | D:1      | Reached XP level 2. HP: 27/27 MP: 1/1
   524 | D:1      | You fall into a shaft and drop 1 floor!
   626 | D:2      | Reached skill level 1 in Dodging
   681 | D:2      | Reached XP level 3. HP: 25/33 MP: 2/2
  1010 | D:2      | Identified the +1 leather armour "Jomeshoppi" {+Inv rC-
                  | rN+++}
  1144 | D:2      | Found a faded altar of an unknown god.
  1216 | D:2      | Reached XP level 4. HP: 40/40 MP: 3/3
  1787 | D:3      | Reached XP level 5. HP: 23/47 MP: 4/4
  1962 | D:3      | Noticed Jessica
  1964 | D:3      | Killed Jessica
  2014 | D:3      | Noticed Grinder
  2021 | D:3      | Paralysed by Grinder for 5 turns
  2034 | D:3      | Paralysed by Grinder for 5 turns
  2044 | D:3      | Killed Grinder
  2045 | D:3      | Reached skill level 5 in Fighting
  2045 | D:3      | Reached skill level 5 in Armour
  2045 | D:3      | Reached skill level 5 in Shields
  2045 | D:3      | Reached XP level 6. HP: 29/56 MP: 5/5
  2241 | D:3      | Noticed Ijyb
  2251 | D:3      | Killed Ijyb
  3036 | D:4      | Reached XP level 7. HP: 23/61 MP: 6/6
  3197 | D:4      | Killed from afar by an orc priest

Illustrated notes

Levels and vault maps discovered:
D:1:      wheals_arrival_linesprint, layout_loops_ring
D:2:      layout_loops_ring, shapermc_ecumenical_altar_mp_urbaneastern,
          guppyfry_early_orc_mine
D:3:      layout_basic, uniq_jessica, uniq_grinder, uniq_ijyb
D:4:      minmay_wonky_spiral, layout_basic,
          mainiacjoe_overflow_surrounded_room, minmay_statues_item,
          st_stairs_12, hangedman_decor_diamond_cutter

Skill      XL: |  1  2  3  4  5 |
---------------+----------------+-----
Dodging        | 1 2 3 |  3.4
Fighting       | 4 5 |  5.5
Armour         | 4 5 |  5.5
Shields        | 4 5 |  5.5
Axes           | 3 4 |  4.7

Action                   |  1- 3 |  4- 6 |  7- 9 || total
-------------------------+-------+-------+-------++-------
Melee: War axe           |    62 |   121 |     6 ||   189
       Headbutt          |     7 |    21 |     1 ||    29
Armor: Scale mail        |    26 |    43 |       ||    69
Dodge: Dodged            |    29 |    61 |     3 ||    93
Block: Buckler           |    12 |    32 |       ||    44

Table legend: (Time is in decaauts)
 A = Elapsed time spent in this place.
 B = Non-inter-level travel time spent in this place.
 C = Inter-level travel time spent in this place.
 D = Time resting spent in this place.
 E = Time spent auto-exploring this place.
 F = Levels seen in this place.
 G = Mean time per level.
                   A        B        C        D        E       F      G
               +--------+--------+--------+--------+--------+-----+--------+
         Total |   3266 |   3125 |    141 |      6 |   2597 |   4 |  816.5 |
       Dungeon |   3266 |   3125 |    141 |      6 |   2597 |   4 |  816.5 |
               +--------+--------+--------+--------+--------+-----+--------+

Top non-repeatable levels by time:
     D:3: 1137 daAuts
     D:1: 821 daAuts
     D:2: 760 daAuts
     D:4: 546 daAuts
